 Dungeon Crawl Stone Soup version 0.30-a0-702-gdf48620a09 (webtiles) character file.

Game seed: 5636101546751843089

77 drugrobin the Sneak (level 3, -5/30 HPs)
             Began as a Demigod Delver on Jan 22, 2023.
             Slain by an iguana (7 damage)
             ... on level 5 of the Dungeon.
             The game lasted 00:00:51 (198 turns).

drugrobin the Sneak (Demigod Delver)                 Turns: 198, Time: 00:00:52

Health: -5/30      AC:  3    Str: 13    XL:     3   Next: 92%
Magic:  5/5        EV: 12    Int: 12    God:
Gold:   7          SH:  0    Dex: 19    Spells: 2/2 levels left

rFire   . . .      SeeInvis .      - Unarmed
rCold   . . .      Faith    .    (no shield)
rNeg    . . .      Spirit   .    a - +0 leather armour
rPois   .          Reflect  .    (no helmet)
rElec   .          Harm     .    (no cloak)
rCorr   .          Rampage  .    (no gloves)
Will    .....                    (no boots)
Stlth   +++                      (no amulet)
HPRegen 0.25/turn                g - +4 ring of slaying
MPRegen 0.09/turn                (no ring)

@: no status effects
A: high MP 1, forlorn, divine attributes
a: no special abilities


You were on level 5 of the Dungeon.
You visited 1 branch of the dungeon, and saw 1 of its levels.

You collected 7 gold pieces.

Inventory:

Armour
 a - a +0 leather armour (worn)
Jewellery
 g - a +4 ring of slaying (left hand)
Wands
 f - a wand of digging (3)
Scrolls
 b - a scroll of fog
 c - a scroll of magic mapping
 d - a scroll of fear
Potions
 e - a potion of haste
 h - a potion of lignification {unknown}
 i - a potion of degeneration {unknown}


   Skills:
 - Level 2.6 Fighting
 - Level 1.7 Dodging
 - Level 4.5 Stealth
 + Level 4.1 Unarmed Combat


You had 2 spell levels left.
You didn't know any spells.
Your spell library was empty.

Dungeon Overview and Level Annotations

Branches:
Dungeon (5/15)
 Temple: D:4-7

Annotations:
D:5 exclusions: orc, phantom and zombie


Innate Abilities, Weirdness & Mutations

You have an increased reservoir of magic. (+10% MP)
You shall have no god before yourself.
Your divine heritage dramatically boosts your attributes as you level up.


Message History

The phantom is severely damaged.
The phantom barely misses you.
You hit the phantom.
The phantom is almost destroyed.
The phantom hits you but does no damage.
You hit the phantom.
You destroy the phantom!
Your Unarmed Combat skill gained 2 levels and is now at level 4!
You have reached level 2!
You have reached level 3!
Your experience leads to a dramatic increase in your attributes!
Increase (S)trength, (I)ntelligence, or (D)exterity?
You feel agile. x4
Unknown command.
An iguana comes into view.
You see here an emerald potion.
h - an emerald potion The iguana hisses angrily.
You see here a metallic brown potion.
i - a metallic brown potion You closely miss the iguana.
The iguana closely misses you.
You hit the iguana.
The iguana is lightly wounded.
You closely miss the iguana.
The iguana is lightly wounded.
The iguana bites you!
You hit the iguana but do no damage.
The iguana is lightly wounded.
The iguana barely misses you.
You hit the iguana.
The iguana is moderately wounded.
The iguana misses you.
You barely miss the iguana.
The iguana is moderately wounded.
The iguana bites you!
* * * LOW HITPOINT WARNING * * *
You hit the iguana but do no damage.
The iguana is moderately wounded.
The iguana bites you!
You die...

#........#......#
#.#...##.#....#.#####
#.#...##.#........l..
#.###........#....#.#####
#...........l....## #
#....#.####.#.#.# .# #.#
#.# #.#.#.##.#
#l####.#......#
#.@....##...###
########.....## ###
##...>...###..
#.........##.#
+.>.......'...
#.........##†#
##.......###.# ##.....##
#.# ##...## #.#


You could see an iguana.

Vanquished Creatures
  A phantom (D:5)
  A dart slug (D:5)
2 creatures vanquished.

Notes
Turn   | Place    | Note
-------+----------+-------------------------------------------
     0 | D:5      | drugrobin the Demigod Delver began the quest for the Orb.
     0 | D:5      | Reached XP level 1. HP: 18/18 MP: 3/3
    20 | D:5      | Noticed a phantom
   156 | D:5      | Noticed a phantom
   169 | D:5      | Killed a phantom
   170 | D:5      | Reached XP level 2. HP: 12/25 MP: 4/4
   170 | D:5      | Reached XP level 3. HP: 14/30 MP: 5/5
   198 | D:5      | Slain by an iguana

Illustrated notes

Levels and vault maps discovered:
D:5:      layout_loops_corners, vehumet_crystals, serial_undead,
          serial_undead_d, serial_undead_f, serial_undead_d, serial_undead_f

Skill      XL: |  1 |
---------------+----+-----
Unarmed Combat | 4 |  4.1
Fighting       | |  2.6
Dodging        | |  1.7
Stealth        | |  4.5

Action                   || total
-------------------------++-------
Melee: Unarmed           ||    23
Armor: Leather armour    ||     2
Dodge: Dodged            ||    12

Table legend: (Time is in decaauts)
 A = Elapsed time spent in this place.
 B = Non-inter-level travel time spent in this place.
 C = Inter-level travel time spent in this place.
 D = Time resting spent in this place.
 E = Time spent auto-exploring this place.
 F = Levels seen in this place.
 G = Mean time per level.
                   A        B        C        D        E       F      G
               +--------+--------+--------+--------+--------+-----+--------+
         Total |    196 |    152 |     44 |      0 |     27 |   1 |  196.0 |
       Dungeon |    196 |    152 |     44 |      0 |     27 |   1 |  196.0 |
               +--------+--------+--------+--------+--------+-----+--------+

Top non-repeatable levels by time:
     D:5: 196 daAuts
